 Dungeon Crawl Stone Soup version 0.22-a0-42-g002c468 (webtiles) character file.

1 KristoblXynda the Charmwright (level 1, 0/10 HPs)
             Began as a Spriggan Skald on Jan 5, 2018.
             Slain by a goblin
             ... wielding a +0 club
              (3 damage)
             ... on level 1 of the Dungeon.
             The game lasted 00:00:11 (45 turns).

KristoblXynda the Charmwright (Spriggan Skald)        Turns: 45, Time: 00:00:12

Health: 0/10       AC:  2    Str:  7    XL:     1   Next: 16%
Magic:  3/5        EV: 18    Int: 14    God:
Gold:   2          SH:  0    Dex: 15    Spells: 4/5 levels left

rFire    . . .     SeeInvis +   a - +0 short sword
rCold    . . .     Gourm    .   (shield restricted)
rNeg     . . .     Faith    .   b - +0 robe
rPois    .         Spirit   .   (helmet restricted)
rElec    .         Reflect  .   (no cloak)
rCorr    .         Harm     .   (gloves unavailable)
MR       .....                  (boots unavailable)
Stlth    +.........             (no amulet)
HPRegen  0.03/turn              (no ring)
MPRegen  0.09/turn              (no ring)

@: infused, very quick
A: very small, unfitting armour, see invisible, herbivore, speed 3, slow
metabolism 2
a: no special abilities


You were on level 1 of the Dungeon.
You were not hungry.

You visited 1 branch of the dungeon, and saw 1 of its levels.

You collected 2 gold pieces.

Inventory:

Hand Weapons
 a - a +0 short sword (weapon)
Armour
 b - a +0 robe (worn)
Scrolls
 e - a scroll of enchant armour {unknown}
Books
 c - a book of Battle

   Spells                             Type                      Level
   a - Infusion                       Charms                       1
   b - Shroud of Golubria             Charms/Translocation         2
   c - Song of Slaying                Charms                       2
   d - Spectral Weapon                Hexes/Charms                 3
   e - Regeneration                   Charms/Necromancy            3
Comestibles
 d - a ration


   Skills:
 - Level 1.5 Fighting
 + Level 2.2 Short Blades
 + Level 3.5 Dodging
 - Level 2.6 Spellcasting
 + Level 4.4 Charms


You had 4 spell levels left.
You knew the following spells:

 Your Spells              Type           Power        Failure   Level  Hunger
a - Infusion              Chrm           ##..         3%          1    #......


Dungeon Overview and Level Annotations

Branches:
Dungeon (1/15)

Altars:


Innate Abilities, Weirdness & Mutations

You are very small and have problems with some larger weapons.
You are too small for most types of armour.
You have supernaturally acute eyesight. (SInv)
You are a herbivore.
You cover ground extremely quickly.
You need consume almost no food.


Message History

The jackal closely misses you. The jackal barely misses you.
You closely miss the jackal. The jackal misses you.
The jackal barely misses you. The goblin barely misses you.
The jackal barely misses you.
You closely miss the jackal. The goblin misses you. The jackal misses you. x2
You barely miss the jackal. The jackal completely misses you.
The goblin hits you but does no damage. The jackal misses you.
You barely miss the jackal. The jackal barely misses you.
The jackal closely misses you. The goblin misses you. The jackal misses you.
You hit the jackal.
The jackal is severely wounded.
The jackal bites you.
* * * LOW HITPOINT WARNING * * *
The jackal completely misses you. The goblin misses you.
The jackal completely misses you.
You barely miss the jackal.
The jackal is severely wounded.
The jackal completely misses you. The jackal closely misses you.
The goblin hits you with a club.
You die...

#######+###.#.#
#(P..(....#...#
.#####.###.###.#
#.........#.....#
#########.#######
##....#.#.#
#......h..#
###.##h#.# #@#.#
#.hg#.. #?...####
#.##.# ..# #.#
#.# #.. #. ### .


You could see 3 jackals and a goblin.

Vanquished Creatures
  A hobgoblin (D:1)
1 creature vanquished.

Notes
Turn   | Place    | Note
-------+----------+-------------------------------------------
     0 | D:1      | KristoblXynda the Spriggan Skald began the quest for the Orb.
     0 | D:1      | Reached XP level 1. HP: 10/10 MP: 5/5
    45 | D:1      | Slain by a goblin

Vault maps used:
D:1:      onia_arrival_mini_maze, grunt_decor_one_mirror

Action                   || total
-------------------------++-------
Melee: Short sword       ||    15
 Cast: Infusion          ||     1
 Stab: Sleeping          ||     1
Armor: Robe              ||     2
Dodge: Dodged            ||    30

Table legend:
 A = Spawn XP
 B = Non-spawn XP
 C = Spawn XP percentage of total XP
 D = Spawn monster count
 E = Non-spawn monster count
 F = Spawn count percentage of total count
 G = Total turns spent on level
                    A         B        C        D         E        F      G
               +---------+---------+-------+---------+---------+-------+---------
         Total |       0 |       2 |   0.0 |       0 |       1 |   0.0 |    45
               +---------+---------+-------+---------+---------+-------+---------
           D:1 |       0 |       2 |   0.0 |       0 |       1 |   0.0 |    45
               +---------+---------+-------+---------+---------+-------+---------
